 Dungeon Crawl Stone Soup version 0.29.1-15-g9cfb28693d (webtiles) character file.

Game seed: 17679041286307760266

3348 protoss039 the Sneak (level 10, -3/55 (56) HPs)
             Began as a Tengu Enchanter on Mar 26, 2023.
             Was a Believer of Dithmenos.
             Slain by a gargoyle
             ... wielding a +0 mace
              (18 damage)
             ... on level 8 of the Dungeon.
             The game lasted 00:25:36 (9242 turns).

protoss039 the Sneak (Tengu Enchanter)              Turns: 9242, Time: 00:25:37

HP:   -3/55 (56)    AC:  5    Str: 15    XL:     10   Next: 2%
MP:   14/17         EV: 18    Int: 16    God:    Dithmenos [**....]
Gold: 179           SH:  0    Dex: 18    Spells: 4/17 levels left

rFire   . . .      SeeInvis .   x - +1 dagger (elec)
rCold   + . .      Faith    .   (no shield)
rNeg    . . .      Spirit   .   D - +2 robe {Will+}
rPois   .          Reflect  .   (helmet restricted)
rElec   .          Harm     .   s - +0 cloak
rCorr   .          Rampage  .   (no gloves)
Will    +....                   (boots unavailable)
Stlth   +++++.....              v - amulet of regeneration
HPRegen 0.98/turn               a - ring of protection from cold
MPRegen 0.15/turn               G - +6 ring of strength

@: confusing by touch, flying quickly and evasively, wreathed by umbra, lightly
drained, quick
A: beak, talons 3, nimble flight
a: Renounce Religion, Shadow Step


You were on level 8 of the Dungeon.
You worshipped Dithmenos.
Dithmenos was pleased with you.
You visited 1 branch of the dungeon, and saw 8 of its levels.

You collected 360 gold pieces.
You spent 181 gold pieces at shops.

Inventory:

Hand Weapons
 o - a +2 spear of venom
 x - a +1 dagger of electrocution (weapon)
 E - a +2 dagger of holy wrath
 J - a +4 scimitar
 L - a +2 dagger of draining
 M - a +4 short sword
Missiles
 u - 29 poisoned darts (quivered)
Armour
 s - a +0 cloak (worn)
 D - a +2 robe of willpower (worn)
Jewellery
 a - a ring of protection from cold (left hand)
 q - a ring of fire
 v - an amulet of regeneration (around neck)
 G - a +6 ring of strength (right hand)
 K - an amulet of reflection
Wands
 C - a wand of flame (39)
Scrolls
 b - a scroll of vulnerability {unknown}
 d - 2 scrolls of poison
 g - 8 scrolls of teleportation
 h - a scroll of butterflies {unknown}
 j - 3 scrolls of enchant armour
 k - a scroll of identify
 m - 2 scrolls of immolation
 n - a scroll of enchant weapon {unknown}
 p - a scroll of blinking {unknown}
 r - a scroll of magic mapping {unknown}
 w - a scroll of noise {unknown}
 y - a scroll of acquirement {unknown}
 B - 3 scrolls of amnesia
 F - a scroll of fear {unknown}
 I - a scroll of summoning {unknown}
Potions
 c - 3 potions of invisibility
 e - 4 potions of heal wounds
 f - a potion of might {unknown}
 i - a potion of brilliance {unknown}
 l - a potion of attraction {unknown}
 t - a potion of cancellation {unknown}
 z - 2 potions of mutation {unknown}
 A - a potion of lignification
 H - 2 potions of curing


   Skills:
 * Level 3.9 Fighting
 + Level 2.8 Short Blades
 + Level 2.4 Throwing
 + Level 2.5 Armour
 * Level 5.3 Dodging
 + Level 7.2 Stealth
 + Level 4.1 Spellcasting
 - Level 3.0 Conjurations
 + Level 3.6 Hexes
 + Level 1.7 Transmutations
 - Level 3.0 Ice Magic
 + Level 1.5 Earth Magic
 * Level 4.4 Invocations
 + Level 2.2 Evocations


You had 4 spell levels left.
You knew the following spells:

 Your Spells              Type           Power      Damage    Failure   Level
a - Ensorcelled Hibernat  Hex/Ice        26%        N/A       6%          2
b - Confusing Touch       Hex            14%        N/A       12%         3
c - Tukima's Dance        Hex            14%        N/A       12%         3
d - Passwall              Tmut/Erth      6%         N/A       13%         2
e - Dazzling Flash        Conj/Hex       26%        N/A       13%         3

Your spell library contained the following spells:

 Spells                   Type           Power      Damage    Failure   Level
 Freeze                   Ice            48%        1d7       4%          1
 Sandblast                Erth           16%        2d6       9%          1
 Shock                    Conj/Air       32%        1d5       9%          1
 Sting                    Tmut/Pois      24%        1d4       12%         1
 Static Discharge         Conj/Air       8%         3-4/arc   14%         2
 Frozen Ramparts          Ice            24%        1d4       14%         3
 Stone Arrow              Conj/Erth      20%        3d8       21%         3
 Portal Projectile        Hex/Tloc       18%        N/A       24%         3
 Poisonous Vapours        Pois/Air       6%         N/A       26%         2
 Mephitic Cloud           Conj/Pois/Air  6%         N/A       32%         3
 Ignite Poison            Fire/Tmut/Pois 5%         N/A       36%         3
 Hailstorm                Conj/Ice       12%        3d5       43%         4
 Call Canine Familiar     Summ           3%         N/A       45%         3
 Swiftness                Air            3%         N/A       45%         3
 Leda's Liquefaction      Hex/Erth       5%         N/A       50%         4
 Animate Armour           Summ/Erth      10%        N/A       77%         4
 Airstrike                Air            1%         2d(1-17)  86%         4
 Olgreb's Toxic Radiance  Pois           3%         N/A       86%         4
 Freezing Cloud           Conj/Ice/Air   4%         6-21      90%         5
 Lightning Bolt           Conj/Air       4%         1d15      94%         5
 Lehudib's Crystal Spear  Conj/Erth      5%         10d3      100%        8
 Maxwell's Capacitive Co  Air            1%         ∞         100%        8


Dungeon Overview and Level Annotations

Branches:
Dungeon (8/15) Zot: 26531  Temple (0/1) D:5
   Lair: D:8-11

Altars:
Dithmenos
Gozag
Qazlal
Ru
Trog
Uskayaw
Vehumet
Wu Jian

Shops:
D:2 *   D:7 !


Innate Abilities, Weirdness & Mutations

You have a beak for a mouth.
You have claws for feet.
Your magical nature lets you fly swiftly and evasively.


Message History

The gnoll shouts!
You hear a shout!
Unknown command.
Casting: Confusing Touch (dangerous; 12% risk of failure)
Confirm with . or Enter, or press ? or * to list all spells.
Your hands begin to glow red.
The gnoll closely misses you.
You hit the gnoll but do no damage.
The gnoll appears confused.
You peck the gnoll.
The gnoll is moderately wounded.
The gnoll completely misses you.
The gnoll hits itself with a +0 whip.
You catch the helpless gnoll completely off-guard!
You impale the gnoll!! Lightning courses through the gnoll!
You kill the gnoll!
Dithmenos accepts your kill.
You start resting.
Magic restored.
You see here a +0 whip.
Found 10 gold pieces.
You now have 179 gold pieces (gained 10).
Found an escape hatch in the floor.
A bullfrog comes into view.
The helpless bullfrog fails to defend itself.
You spit the bullfrog like a pig!!!
You kill the bullfrog!
Dithmenos accepts your kill.
A gargoyle comes into view. It is wielding a +0 mace.
You hit the gargoyle but do no damage.
You peck the gargoyle, but do no damage.
The gargoyle hits you with a +0 mace!
Casting: Confusing Touch (dangerous; 12% risk of failure)
Confirm with . or Enter, or press ? or * to list all spells.
Your hands begin to glow red.
The gargoyle hits you with a +0 mace!
You hit the gargoyle but do no damage.
You claw the gargoyle, but do no damage.
You peck the gargoyle, but do no damage.
The gargoyle hits you with a +0 mace!
* * * LOW HITPOINT WARNING * * *
You hit the gargoyle but do no damage. Your kick misses the gargoyle.
You punch the gargoyle, but do no damage.
You hit the gargoyle but do no damage. The gargoyle hits you with a +0 mace!!
You die...

.......... .... ......>.#
.........# ... #......##
...D.....## #.# #.....##.
......†...# #.####........
.......##.###..#..........
......# #..##...#.........
...... ##.##.###.........
..... ###9.#.###.........
....# #.@#..###..........
...# ###..## #..........
### ##.# #.......... ###
#.......... #..........
###########


You could see a gargoyle.

Vanquished Creatures
  Pikel (D:4)
  Psyche (D:8)
  A wyvern (D:8)
  A steam dragon (D:7)
  2 ice beasts
  Pargi (D:4)
  2 sky beasts (D:7)
  A black bear (D:4)
  An ogre (D:3)
  2 phantoms (D:5)
  4 lemures
  A centaur (D:8)
  A bullfrog (D:8)
  A kobold brigand (D:8)
  A gnoll sergeant (D:7)
  A necrophage (D:7)
  A scorpion (D:5)
  10 wights
  2 hounds (D:7)
  Crazy Yiuf (D:2)
  3 jellies
  Ijyb (D:5)
  3 iguanas
  5 orc wizards (D:5)
  Robin (D:1)
  8 gnolls
  8 adders
  A white imp (D:7)
  2 worms (D:2)
  2 dart slugs
  7 orcs
  2 endoplasms
  5 giant cockroaches
  16 goblins
  5 hobgoblins
  4 quokkas
  8 ball pythons
  5 bats
  3 frilled lizards
  9 kobolds
  4 rats
138 creatures vanquished.

Vanquished Creatures (others)
  A wizard (D:4)
  A dancing weapon (D:5)
  2 gnolls (D:7)
  2 fungi (D:2)
6 creatures vanquished.

Grand Total: 144 creatures vanquished

Notes
Turn   | Place    | Note
-------+----------+-------------------------------------------
     0 | D:1      | protoss039 the Tengu Enchanter began the quest for the Orb.
     0 | D:1      | Reached XP level 1. HP: 10/10 MP: 4/4
   258 | D:1      | Found a faded altar of an unknown god.
   307 | D:1      | Reached XP level 2. HP: 15/15 MP: 6/6
   337 | D:1      | Learned a level 2 spell: Ensorcelled Hibernation
  1387 | D:2      | Found Nacs's Assorted Antiques.
  1399 | D:2      | Bought a bubbling pink potion for 18 gold pieces
  1399 | D:2      | Bought a scroll labelled PUADIYM UMIGI for 20 gold pieces
  1418 | D:2      | Noticed Robin
  1663 | D:2      | Reached XP level 3. HP: 20/20 MP: 7/7
  1786 | D:1      | Killed Robin
  2193 | D:2      | Reached XP level 4. HP: 5/24 MP: 8/8
  2201 | D:2      | Reached skill level 1 in Fighting
  2902 | D:2      | Found a runed translucent door.
  2903 | D:2      | Noticed Crazy Yiuf
  2909 | D:2      | Killed Crazy Yiuf
  2910 | D:2      | Reached skill level 4 in Stealth
  3247 | D:3      | Gained mutation: Your magical nature lets you fly swiftly
                  | and evasively. [Tengu growth]
  3247 | D:3      | Reached XP level 5. HP: 29/29 MP: 1/9
  3496 | D:3      | You are sucked into a shaft and drop 1 floor!
  3510 | D:4      | Noticed an ogre
  3657 | D:3      | Found a sacrificial altar of Ru.
  3960 | D:3      | Found an opulent altar of Gozag.
  4063 | D:3      | Found a shadowy altar of Dithmenos.
  4443 | D:3      | Became a worshipper of Dithmenos the Shadowed
  4537 | D:3      | Learned a level 3 spell: Confusing Touch
  4541 | D:3      | Learned a level 3 spell: Tukima's Dance
  4572 | D:3      | Killed an ogre
  4573 | D:3      | Reached skill level 1 in Ice Magic
  4573 | D:3      | Reached XP level 6. HP: 34/34 MP: 6/10
  4640 | D:4      | Noticed Pikel
  4740 | D:4      | Noticed Pargi
  4749 | D:4      | Killed Pargi
  4750 | D:4      | Reached skill level 1 in Invocations
  4813 | D:4      | Noticed a black bear
  4827 | D:4      | Killed a black bear
  4828 | D:4      | Reached XP level 7. HP: 20/40 MP: 5/12
  5056 | D:4      | Killed Pikel
  5057 | D:4      | Reached skill level 6 in Stealth
  5057 | D:4      | Reached XP level 8. HP: 32/45 MP: 10/13
  5125 | D:4      | Found a bloodstained altar of Trog.
  5150 | D:4      | Noticed a wizard
  5156 | D:4      | Killed a wizard
  5184 | D:4      | Found a stormy altar of Qazlal.
  5342 | D:4      | Learned a level 3 spell: Dazzling Flash
  5343 | D:5      | Entered Level 5 of the Dungeon
  5501 | D:5      | Found a staircase to the Ecumenical Temple.
  5745 | D:5      | Reached skill level 1 in Conjurations
  6003 | D:5      | Reached * piety under Dithmenos
  6007 | D:5      | Learned a level 2 spell: Passwall
  6195 | D:5      | Reached skill level 1 in Throwing
  6195 | D:5      | Reached skill level 1 in Armour
  6228 | D:5      | Noticed Ijyb
  6256 | D:5      | Reached skill level 1 in Evocations
  6284 | D:5      | Killed Ijyb
  6631 | D:5      | Reached XP level 9. HP: 51/51 MP: 15/15
  7132 | D:6      | Reached skill level 1 in Transmutations
  7530 | D:6      | Found an ornate altar of the Wu Jian Council.
  7778 | D:7      | Found Vaeddegh's Distillery.
  7784 | D:7      | Bought a potion of curing for 33 gold pieces
  7784 | D:7      | Bought 2 potions of heal wounds for 110 gold pieces
  7853 | D:7      | Reached skill level 1 in Earth Magic
  8034 | D:7      | Reached skill level 5 in Dodging
  8472 | D:7      | Found a hide-covered altar of Uskayaw.
  8497 | D:7      | Reached skill level 7 in Stealth
  8788 | D:8      | Noticed an orc knight
  8864 | D:8      | Found a radiant altar of Vehumet.
  8929 | D:8      | Noticed Psyche
  8939 | D:8      | Killed Psyche
  8939 | D:8      | Reached ** piety under Dithmenos
  9103 | D:8      | Reached XP level 10. HP: 47/54 MP: 11/17
  9235 | D:8      | Noticed a gargoyle
  9242 | D:8      | Slain by a gargoyle

Illustrated notes

Levels and vault maps discovered:
D:1:      lordsloth_arrival_two_stooges, layout_basic,
          ebering_ecumenical_altar_box
D:2:      layout_rooms, serial_shops, nicolae_shop_crystal,
          nicolae_concentric_dashed_squares_mild, hex_medium, uniq_robin,
          uniq_crazy_yiuf_cottage
D:3:      minmay_angry_zag, layout_basic, grunt_gozag_statues,
          nicolae_dithmenos_through_a_glass_darkly,
          nicolae_ru_the_path_less_chosen
D:4:      layout_gridville, kennysheep_mini_moat, trog_wizard, uniq_pikel,
          uniq_pargi
D:5:      layout_basic, minmay_temple_entry_tees,
          minmay_a_box_with_orc_wizards_in_it, uniq_ijyb
D:6:      layout_gridville, nicolae_wu_jian_wuxing_cycle
D:7:      layout_basic, overflow_temple_1_default, serial_shops,
          nicolae_shop_competitors_out_of_business
D:8:      layout_layer_cave, good_gods_mini_temple, nicolae_vehumet_radiance,
          st_stairs_5, wad_dig_loot, uniq_psyche, uniq_erica

Skill      XL: |  1  2  3  4  5  6  7  8  9 |
---------------+----------------------------+-----
Dodging        | 3 4 5 |  5.3
Fighting       | 1 2 3 |  3.9
Stealth        | 4 6 7 |  7.2
Ice Magic      | 1 2 3 |  3.0
Invocations    | 1 2 3 4 |  4.4
Spellcasting   | 3 4 |  4.1
Hexes          | 3 |  3.6
Conjurations   | 1 3 |  3.0
Throwing       | 1 2 |  2.4
Armour         | 1 2 |  2.5
Evocations     | 1 2 |  2.2
Short Blades   | 2 |  2.8
Transmutations | 1 |  1.7
Earth Magic    | 1 |  1.5

Action                   |  1- 3 |  4- 6 |  7- 9 | 10-12 || total
-------------------------+-------+-------+-------+-------++-------
Melee: Dagger            |    89 |    71 |   218 |     7 ||   385
       Kick              |    28 |    21 |    64 |     1 ||   114
       Peck              |    16 |    11 |    41 |     3 ||    71
       Punch             |       |     2 |     2 |     1 ||     5
Throw: Dart              |       |     6 |     4 |       ||    10
 Cast: Ensorcelled Hiber |     3 |    23 |    43 |       ||    69
       Confusing Touch   |       |     2 |    22 |     2 ||    26
       Tukima's Dance    |       |       |    15 |       ||    15
       Passwall          |       |       |     2 |       ||     2
Evoke: Wand              |       |       |     1 |       ||     1
  Use: Potion            |     1 |       |     1 |       ||     2
       Scroll            |       |     1 |     8 |       ||     9
 Stab: Sleeping          |     3 |    19 |    40 |     1 ||    63
       Confused          |       |       |    10 |     1 ||    11
Armor: Robe              |    15 |    15 |    26 |       ||    56
Dodge: Dodged            |    63 |    58 |   148 |     2 ||   271
